[Event "Live Chess"]
[Site "Chess.com"]
[Date "2011.01.13"]
[Round "-"]
[White "hipposcottimus"]
[Black "robinzon54"]
[Result "0-1"]
[CurrentPosition "r4rk1/1p3ppp/2p5/p1P5/4R3/nP1R1P1N/P5PP/1K6 w - -"]
[Timezone "UTC"]
[ECO "B12"]
[ECOUrl "https://www.chess.com/openings/Caro-Kann-Defense-2.d4"]
[UTCDate "2011.01.13"]
[UTCTime "23:28:36"]
[WhiteElo "1344"]
[BlackElo "1444"]
[TimeControl "360+2"]
[Termination "robinzon54 won on time"]
[StartTime "23:28:36"]
[EndDate "2011.01.13"]
[EndTime "23:34:24"]
[Link "https://www.chess.com/game/live/87305380"]

1. e4 c6 2. d4 a5 3. e5 e6 4. c4 d6 5. d5 dxe5 6. dxe6 Qxd1+ 7. Kxd1 Bxe6 8. Be3 Nf6 9. Nc3 Bb4 10. Kc2 Bxc3 11. Kxc3 Ne4+ 12. Kc2 O-O 13. Re1 Na6 14. Kb1 Bf5 15. Ka1 Nd6 16. c5 Ne4 17. Bd3 Nb4 18. Bb1 Bg6 19. f3 Nf6 20. Nh3 Bxb1 21. Kxb1 Nd3 22. Re2 Nd5 23. Rd1 Nxe3 24. Rxd3 Nc4 25. b3 e4 26. Rxe4 Na3+ 0-1

[Event "Live Chess"]
[Site "Chess.com"]
[Date "2011.01.13"]
[Round "-"]
[White "hipposcottimus"]
[Black "mtptdt"]
[Result "0-1"]
[CurrentPosition "8/7q/7P/6K1/8/k7/8/8 w - -"]
[Timezone "UTC"]
[ECO "C55"]
[ECOUrl "https://www.chess.com/openings/Italian-Game-Anti-Fried-Liver-Defense"]
[UTCDate "2011.01.13"]
[UTCTime "23:07:14"]
[WhiteElo "1350"]
[BlackElo "1377"]
[TimeControl "300+3"]
[Termination "mtptdt won by resignation"]
[StartTime "23:07:14"]
[EndDate "2011.01.13"]
[EndTime "23:21:52"]
[Link "https://www.chess.com/game/live/87301196"]

1. e4 e5 2. Nf3 Nc6 3. Bc4 h6 4. d4 exd4 5. Nxd4 Nge7 6. c3 d6 7. f4 Bg4 8. Be2 Bxe2 9. Nxe2 Qd7 10. Be3 f5 11. Nd2 fxe4 12. Nxe4 Nf5 13. Bf2 Be7 14. O-O Qe6 15. N2g3 Nxg3 16. Nxg3 O-O 17. f5 Qd7 18. b4 a6 19. a3 Rf7 20. c4 Raf8 21. b5 axb5 22. cxb5 Ne5 23. Bd4 Ng4 24. Qb3 Bf6 25. Rad1 Bxd4+ 26. Rxd4 Nf6 27. Ne4 Nxe4 28. Rxe4 Kh8 29. Qe3 Rxf5 30. Rxf5 Qxf5 31. h3 d5 32. Re5 Qf1+ 33. Kh2 Rd8 34. Qc5 Qf4+ 35. g3 Qxe5 36. h4 d4 37. Qxe5 d3 38. Qxc7 Rd4 39. Qc1 d2 40. Qd1 Kg8 41. Kh3 Kf7 42. g4 Ke7 43. Kg3 Kd6 44. Kf3 Kd5 45. Ke3 b6 46. Qxd2 Rxd2 47. Kxd2 Kc4 48. g5 Kxb5 49. gxh6 gxh6 50. Ke3 Ka4 51. Kf4 Kxa3 52. Kf5 b5 53. Kg6 b4 54. Kxh6 b3 55. Kg5 b2 56. h5 b1=Q 57. h6 Qh7 0-1

[Event "Live Chess"]
[Site "Chess.com"]
[Date "2011.01.13"]
[Round "-"]
[White "hipposcottimus"]
[Black "Aldous_Eco"]
[Result "0-1"]
[CurrentPosition "2r1k1nr/3qn1pp/p1pB1p2/2Q5/P1B1P1b1/2N5/2P2PPP/R4RK1 w k -"]
[Timezone "UTC"]
[ECO "C51"]
[ECOUrl "https://www.chess.com/openings/Giuoco-Piano-Game-Evans-Gambit-Declined-5.a4-a6"]
[UTCDate "2011.01.13"]
[UTCTime "19:57:10"]
[WhiteElo "1358"]
[BlackElo "1361"]
[TimeControl "600+5"]
[Termination "Aldous_Eco won - game abandoned"]
[StartTime "19:57:10"]
[EndDate "2011.01.13"]
[EndTime "20:05:48"]
[Link "https://www.chess.com/game/live/87247574"]

1. e4 e5 2. Nf3 Nc6 3. Bc4 Bc5 4. b4 Bb6 5. a4 a6 6. Ba3 d6 7. b5 Nce7 8. O-O f6 9. d4 exd4 10. Nxd4 Bxd4 11. Qxd4 Bg4 12. Nc3 c5 13. bxc6 bxc6 14. Bxd6 Rc8 15. Qc5 Qd7 0-1

[Event "Live Chess"]
[Site "Chess.com"]
[Date "2011.01.13"]
[Round "-"]
[White "DavidEmery"]
[Black "hipposcottimus"]
[Result "0-1"]
[CurrentPosition "r5k1/pp4pp/4p2r/1q1p1pQ1/5b2/P5P1/1PP1RP2/4RK2 b - -"]
[Timezone "UTC"]
[ECO "D00"]
[ECOUrl "https://www.chess.com/openings/Queens-Pawn-Opening-Chigorin-Variation"]
[UTCDate "2011.01.13"]
[UTCTime "03:03:03"]
[WhiteElo "1522"]
[BlackElo "1358"]
[TimeControl "120+9"]
[Termination "hipposcottimus won by resignation"]
[StartTime "03:03:03"]
[EndDate "2011.01.13"]
[EndTime "03:12:04"]
[Link "https://www.chess.com/game/live/87014171"]

1. d4 d5 2. Nc3 Nd7 3. Bf4 c6 4. Nf3 f5 5. e3 e6 6. Bd3 Ngf6 7. Ne5 Bb4 8. Bg5 O-O 9. O-O c5 10. Bb5 cxd4 11. exd4 Bd6 12. a3 Nxe5 13. Bxf6 Rxf6 14. dxe5 Bxe5 15. Re1 Qc7 16. Qh5 Bd6 17. Bd3 Bd7 18. Bb5 Rh6 19. Qg5 Bxb5 20. Nxb5 Bxh2+ 21. Kf1 Qc4+ 22. Re2 Qxb5 23. Re1 Bf4 24. g3 0-1

[Event "Live Chess"]
[Site "Chess.com"]
[Date "2011.01.13"]
[Round "-"]
[White "vavaldasnarender"]
[Black "hipposcottimus"]
[Result "0-1"]
[CurrentPosition "b6k/b5pp/p7/P4p2/1P3B2/4P1P1/3r1K1P/1R2NR1q w - -"]
[Timezone "UTC"]
[ECO "D00"]
[ECOUrl "https://www.chess.com/openings/Queens-Pawn-Opening-Mason-Attack"]
[UTCDate "2011.01.13"]
[UTCTime "00:58:39"]
[WhiteElo "1268"]
[BlackElo "1345"]
[TimeControl "300+5"]
[Termination "hipposcottimus won by checkmate"]
[StartTime "00:58:39"]
[EndDate "2011.01.13"]
[EndTime "01:09:22"]
[Link "https://www.chess.com/game/live/86986243"]

1. f4 d5 2. d4 f5 3. e3 e6 4. Nf3 c5 5. c3 cxd4 6. cxd4 Nc6 7. Bd3 Bb4+ 8. Nc3 Nf6 9. O-O O-O 10. Ne5 Nxe5 11. fxe5 Ng4 12. Qf3 Qc7 13. Ne2 Nxe5 14. dxe5 Qxe5 15. Nd4 Qf6 16. Nc2 Bc5 17. b4 Bb6 18. a4 a6 19. a5 Ba7 20. Rb1 e5 21. Qxd5+ Kh8 22. Bb2 Rd8 23. Qc4 Be6 24. Qc7 Rxd3 25. Bxe5 Qg5 26. Bf4 Qg6 27. Qxb7 Bd5 28. Qxa8+ Bxa8 29. g3 Qc6 30. Ne1 Qh1+ 31. Kf2 Rd2# 0-1

[Event "Live Chess"]
[Site "Chess.com"]
[Date "2011.01.13"]
[Round "-"]
[White "hipposcottimus"]
[Black "vavaldasnarender"]
[Result "1-0"]
[CurrentPosition "2r1k1R1/1R5p/2rBp3/2PpPp2/p4P2/P6P/8/6K1 b - -"]
[Timezone "UTC"]
[ECO "C00"]
[ECOUrl "https://www.chess.com/openings/French-Defense-Normal-Variation"]
[UTCDate "2011.01.13"]
[UTCTime "00:43:22"]
[WhiteElo "1345"]
[BlackElo "1268"]
[TimeControl "300+5"]
[Termination "hipposcottimus won by checkmate"]
[StartTime "00:43:22"]
[EndDate "2011.01.13"]
[EndTime "00:57:23"]
[Link "https://www.chess.com/game/live/86982391"]

1. e4 e6 2. d4 c6 3. c4 d5 4. cxd5 cxd5 5. e5 f5 6. Qh5+ g6 7. Qd1 Ne7 8. Nc3 Bg7 9. f4 O-O 10. Nf3 Nec6 11. Be2 Na6 12. Bxa6 bxa6 13. O-O Nb4 14. a3 Nc6 15. Ng5 Bh6 16. Nh3 Qb6 17. Be3 a5 18. Na4 Qb5 19. Nc5 Qxb2 20. Qa4 Ne7 21. Qxa5 Qb6 22. Qd2 Nc6 23. Qf2 a5 24. Qg3 a4 25. Ng5 Bxg5 26. Qxg5 Na5 27. Qe7 Nc4 28. Bf2 Qd8 29. Bh4 Qxe7 30. Bxe7 Re8 31. Bf6 Nd2 32. Rf2 Nb3 33. Rd1 Nxc5 34. dxc5 Bd7 35. Rd4 Rec8 36. Be7 Kf7 37. Bd6 Bc6 38. Rb4 Ra6 39. h3 Rca8 40. g4 Bb5 41. Rxb5 Rc6 42. gxf5 gxf5 43. Rg2 Rac8 44. Rb7+ Ke8 45. Rg8# 1-0

[Event "Live Chess"]
[Site "Chess.com"]
[Date "2011.01.13"]
[Round "-"]
[White "SueV"]
[Black "hipposcottimus"]
[Result "0-1"]
[CurrentPosition "r4rk1/pp3ppp/2n2n2/1BR5/N7/8/PPP2KPP/R1Bqq3 w - -"]
[Timezone "UTC"]
[ECO "A00"]
[ECOUrl "https://www.chess.com/openings/Vant-Kruijs-Opening-1...e5"]
[UTCDate "2011.01.13"]
[UTCTime "00:28:04"]
[WhiteElo "925"]
[BlackElo "1345"]
[TimeControl "120+15"]
[Termination "hipposcottimus won by checkmate"]
[StartTime "00:28:04"]
[EndDate "2011.01.13"]
[EndTime "00:33:38"]
[Link "https://www.chess.com/game/live/86979223"]

1. e3 e5 2. Nf3 e4 3. Nd4 c5 4. Nf5 d5 5. d4 Bxf5 6. dxc5 Bxc5 7. Bb5+ Nc6 8. O-O Nf6 9. Nc3 O-O 10. f4 exf3 11. Rxf3 d4 12. Na4 dxe3 13. Rxf5 e2+ 14. Rxc5 Qxd1+ 15. Kf2 e1=Q# 0-1

[Event "Live Chess"]
[Site "Chess.com"]
[Date "2011.01.13"]
[Round "-"]
[White "hipposcottimus"]
[Black "kikolol"]
[Result "1-0"]
[CurrentPosition "r4k2/1p4p1/p3Qnqp/2BP4/P7/1P4P1/6PP/R5K1 b - -"]
[Timezone "UTC"]
[ECO "B01"]
[ECOUrl "https://www.chess.com/openings/Scandinavian-Defense-Mieses-Kotrc-Variation-3.Nc3"]
[UTCDate "2011.01.13"]
[UTCTime "00:12:36"]
[WhiteElo "1344"]
[BlackElo "1220"]
[TimeControl "600"]
[Termination "hipposcottimus won by checkmate"]
[StartTime "00:12:36"]
[EndDate "2011.01.13"]
[EndTime "00:19:35"]
[Link "https://www.chess.com/game/live/86975174"]

1. e4 d5 2. exd5 Qxd5 3. Nc3 Qe6+ 4. Be2 h6 5. d4 c6 6. Nf3 a6 7. a4 Qg6 8. O-O Bh3 9. Nh4 Qf6 10. Bg4 Qxh4 11. Bxh3 e6 12. Ne2 Bd6 13. Ng3 Nf6 14. c4 Bxg3 15. fxg3 Qe4 16. Re1 Qg6 17. Bxe6 fxe6 18. Rxe6+ Kf7 19. d5 Re8 20. Qe2 cxd5 21. cxd5 Rxe6 22. Qxe6+ Kf8 23. b3 Nbd7 24. Ba3+ Nc5 25. Bxc5# 1-0

[Event "Live Chess"]
[Site "Chess.com"]
[Date "2011.01.12"]
[Round "-"]
[White "hipposcottimus"]
[Black "cerecedes"]
[Result "1-0"]
[CurrentPosition "2r1kb1r/3Qnppp/p7/1B2P3/7N/8/PP3PPP/5RK1 b k -"]
[Timezone "UTC"]
[ECO "C40"]
[ECOUrl "https://www.chess.com/openings/Kings-Pawn-Opening-Kings-Knight-McConnell-Defense"]
[UTCDate "2011.01.12"]
[UTCTime "23:56:29"]
[WhiteElo "1339"]
[BlackElo "1341"]
[TimeControl "360"]
[Termination "hipposcottimus won by checkmate"]
[StartTime "23:56:29"]
[EndDate "2011.01.12"]
[EndTime "23:59:18"]
[Link "https://www.chess.com/game/live/86971374"]

1. e4 e5 2. Nf3 Qf6 3. Nc3 c6 4. d4 exd4 5. e5 Qg6 6. Qxd4 Ne7 7. Nh4 Qxc2 8. Bd3 Qxc1+ 9. Rxc1 b5 10. O-O Na6 11. Nxb5 cxb5 12. Bxb5 Nc7 13. Rxc7 a6 14. Rxc8+ Rxc8 15. Qxd7# 1-0

[Event "Live Chess"]
[Site "Chess.com"]
[Date "2011.01.12"]
[Round "-"]
[White "TDHeller"]
[Black "hipposcottimus"]
[Result "0-1"]
[CurrentPosition "7k/1p5p/8/8/pr6/6PK/8/8 w - -"]
[Timezone "UTC"]
[ECO "A03"]
[ECOUrl "https://www.chess.com/openings/Birds-Opening-Dutch-Variation-2.Nf3"]
[UTCDate "2011.01.12"]
[UTCTime "23:41:49"]
[WhiteElo "1263"]
[BlackElo "1339"]
[TimeControl "240+4"]
[Termination "hipposcottimus won by resignation"]
[StartTime "23:41:49"]
[EndDate "2011.01.12"]
[EndTime "23:54:06"]
[Link "https://www.chess.com/game/live/86967706"]

1. f4 d5 2. Nf3 Bf5 3. Nc3 Nf6 4. b3 Nbd7 5. Bb2 c5 6. e3 Bg4 7. Be2 Bxf3 8. Bxf3 e5 9. fxe5 Nxe5 10. O-O Be7 11. Nb5 Nxf3+ 12. Rxf3 O-O 13. c4 Ne4 14. Bxg7 Kxg7 15. d3 Ng5 16. Rg3 Kh8 17. Qh5 Rg8 18. Rf1 f6 19. cxd5 Qxd5 20. Nc7 Qxd3 21. Nxa8 Rxa8 22. Rg4 Qxe3+ 23. Kh1 Re8 24. h4 Bd8 25. hxg5 fxg5 26. Rf3 Qe1+ 27. Kh2 Bc7+ 28. Rfg3 Bxg3+ 29. Rxg3 Qe5 30. Kh1 Qa1+ 31. Kh2 Qe5 32. Kh1 Rg8 33. Qh2 Qa1+ 34. Qg1 Qxa2 35. Qxc5 Qd2 36. Qe5+ Rg7 37. Qe8+ Rg8 38. Qe5+ Rg7 39. Rxg5 Qxg5 40. Qxg5 Rxg5 41. Kh2 Rb5 42. b4 Rxb4 43. g3 a5 44. Kh3 a4 0-1

[Event "Live Chess"]
[Site "Chess.com"]
[Date "2011.01.12"]
[Round "-"]
[White "vavaldasnarender"]
[Black "hipposcottimus"]
[Result "0-1"]
[CurrentPosition "7k/1Q5p/4p3/3pP3/1P1K1P2/6r1/5q2/8 w - -"]
[Timezone "UTC"]
[ECO "D00"]
[ECOUrl "https://www.chess.com/openings/Queens-Pawn-Opening-Mason-Attack"]
[UTCDate "2011.01.12"]
[UTCTime "23:24:11"]
[WhiteElo "1268"]
[BlackElo "1332"]
[TimeControl "300+5"]
[Termination "hipposcottimus won by checkmate"]
[StartTime "23:24:11"]
[EndDate "2011.01.12"]
[EndTime "23:37:35"]
[Link "https://www.chess.com/game/live/86963068"]

1. f4 d5 2. d4 f5 3. e3 Nc6 4. Bd3 Nb4 5. Nf3 Nxd3+ 6. Qxd3 e6 7. O-O Nf6 8. Qe2 c5 9. c3 cxd4 10. cxd4 Bd6 11. Ne5 Bxe5 12. fxe5 Ne4 13. Nd2 Ng5 14. Nf3 Ne4 15. Nh4 Qxh4 16. Qb5+ Bd7 17. Qxb7 Rd8 18. Qxa7 O-O 19. Qa5 Rb8 20. Qe1 Qh6 21. Rf4 g5 22. Rf1 Bb5 23. a4 Bxf1 24. Qxf1 f4 25. exf4 gxf4 26. a5 Ng3 27. Qf3 Rb4 28. hxg3 Rxd4 29. Qg4+ Kh8 30. gxf4 Rg8 31. Qf3 Rc4 32. a6 Rgc8 33. a7 Rxc1+ 34. Rxc1 Rxc1+ 35. Kf2 Ra1 36. g3 Rxa7 37. Qb3 Ra8 38. Qb7 Rg8 39. b4 Qh2+ 40. Ke3 Rxg3+ 41. Kd4 Qf2# 0-1

[Event "Live Chess"]
[Site "Chess.com"]
[Date "2011.01.12"]
[Round "-"]
[White "hipposcottimus"]
[Black "rrcmm"]
[Result "1-0"]
[CurrentPosition "8/7r/8/R7/7P/Pk3PK1/8/8 b - -"]
[Timezone "UTC"]
[ECO "A06"]
[ECOUrl "https://www.chess.com/openings/Reti-Opening-Tennison-Gambit"]
[UTCDate "2011.01.12"]
[UTCTime "23:05:46"]
[WhiteElo "1332"]
[BlackElo "1334"]
[TimeControl "480"]
[Termination "hipposcottimus won on time"]
[StartTime "23:05:46"]
[EndDate "2011.01.12"]
[EndTime "23:22:11"]
[Link "https://www.chess.com/game/live/86958180"]

1. e4 d5 2. Nf3 dxe4 3. Ng5 Nf6 4. d3 h6 5. Nxe4 Nxe4 6. dxe4 Qxd1+ 7. Kxd1 e6 8. Nc3 Bd7 9. Bd3 a6 10. f3 c6 11. Bd2 b5 12. Ke2 a5 13. a3 Bc5 14. b4 Bb6 15. Rhb1 a4 16. Nd1 O-O 17. Be3 Bxe3 18. Nxe3 Na6 19. Kf1 Nc7 20. c4 Ne8 21. cxb5 cxb5 22. e5 f6 23. Kg1 fxe5 24. Ng4 e4 25. Bxe4 Rd8 26. Rd1 Nf6 27. Nxf6+ gxf6 28. Bd3 Bc6 29. Rd2 Rb8 30. Re1 e5 31. Bf5 Rfd8 32. Rc2 Rd6 33. Be4 Bxe4 34. Rxe4 Rd1+ 35. Kf2 Ra1 36. Rc3 Rd8 37. Kg3 Kg7 38. f4 exf4+ 39. Rxf4 Rad1 40. Rff3 R8d5 41. Rc7+ Rd7 42. Rcc3 Kg6 43. h3 h5 44. Kh2 R7d5 45. Rc6 Rd6 46. Rg3+ Kh6 47. Rc5 R1d5 48. Rc8 Rd8 49. Rc6 R5d6 50. Rcc3 Rf8 51. Rc5 f5 52. Rxb5 f4 53. Rgg5 Rff6 54. Rxh5+ Kg7 55. Rbg5+ Kf7 56. Rh7+ Ke6 57. b5 Rb6 58. Rhh5 Kf7 59. Rh7+ Ke6 60. Rc5 f3 61. gxf3 Rd6 62. Kg2 Rd2+ 63. Kg3 Rg6+ 64. Kh4 Rd6 65. Rc6 Rxc6 66. bxc6 Rg8 67. Ra7 Rc8 68. c7 Kd6 69. Rxa4 Rxc7 70. Kg3 Rg7+ 71. Kf2 Kc5 72. h4 Rh7 73. Rg4 Kd5 74. Rg5+ Kc4 75. Kg3 Kb3 76. Ra5 1-0

[Event "Live Chess"]
[Site "Chess.com"]
[Date "2011.01.12"]
[Round "-"]
[White "spicmick"]
[Black "hipposcottimus"]
[Result "0-1"]
[CurrentPosition "7R/ppk3P1/3br3/3rp3/8/8/PP5P/5RK1 b - -"]
[Timezone "UTC"]
[ECO "C50"]
[ECOUrl "https://www.chess.com/openings/Giuoco-Piano-Game-Four-Knights-Game"]
[UTCDate "2011.01.12"]
[UTCTime "22:53:41"]
[WhiteElo "1421"]
[BlackElo "1324"]
[TimeControl "240+10"]
[Termination "hipposcottimus won by resignation"]
[StartTime "22:53:41"]
[EndDate "2011.01.12"]
[EndTime "23:03:36"]
[Link "https://www.chess.com/game/live/86955223"]

1. e4 e5 2. Nf3 Nc6 3. Nc3 Nf6 4. Bc4 Bc5 5. Bxf7+ Kxf7 6. Ng5+ Ke8 7. O-O d5 8. Qf3 Bg4 9. Qg3 Bb4 10. Nxd5 Nxd5 11. Qxg4 Nf6 12. Qe6+ Qe7 13. c3 Bd6 14. d4 Qxe6 15. Nxe6 Kf7 16. d5 Nd8 17. Ng5+ Ke7 18. f4 Re8 19. f5 c6 20. c4 cxd5 21. cxd5 h6 22. Ne6 Nxe6 23. fxe6 Nxe4 24. Rf7+ Kd8 25. Be3 Re7 26. Raf1 Nf6 27. Bxh6 gxh6 28. R7xf6 Rc8 29. Rxh6 Rc2 30. Rh8+ Kc7 31. g4 Rd2 32. g5 Rxd5 33. g6 Rxe6 34. g7 0-1

[Event "Live Chess"]
[Site "Chess.com"]
[Date "2011.01.12"]
[Round "-"]
[White "dennis-inactive"]
[Black "hipposcottimus"]
[Result "0-1"]
[CurrentPosition "1r4k1/p1p3pp/4r3/4N3/5n2/3P4/PPPQ1PqP/4R2K w - -"]
[Timezone "UTC"]
[ECO "C57"]
[ECOUrl "https://www.chess.com/openings/Italian-Game-Knight-Attack-Polerio-Defense"]
[UTCDate "2011.01.12"]
[UTCTime "22:45:25"]
[WhiteElo "1245"]
[BlackElo "1324"]
[TimeControl "720"]
[Termination "hipposcottimus won by checkmate"]
[StartTime "22:45:25"]
[EndDate "2011.01.12"]
[EndTime "22:52:17"]
[Link "https://www.chess.com/game/live/86953198"]

1. e4 e5 2. Nf3 Nc6 3. Bc4 Nf6 4. Ng5 d5 5. exd5 Na5 6. Na3 Nxc4 7. Nxc4 Nxd5 8. d3 Be7 9. Nxf7 Kxf7 10. Qf3+ Bf6 11. Bg5 Re8 12. Bxf6 Nxf6 13. O-O Kg8 14. Rae1 Bg4 15. Qxb7 Re6 16. Qb3 Rb8 17. Qc3 Nd5 18. Qd2 Nf4 19. Nxe5 Qg5 20. Kh1 Bh3 21. Rg1 Bxg2+ 22. Rxg2 Qxg2# 0-1

[Event "Live Chess"]
[Site "Chess.com"]
[Date "2011.01.12"]
[Round "-"]
[White "hipposcottimus"]
[Black "lwkipe"]
[Result "0-1"]
[CurrentPosition "r1k4r/2p1b2p/1p4p1/p1n1p3/2b1P3/2B5/PPB3PP/2KR1R1N w - -"]
[Timezone "UTC"]
[ECO "C41"]
[ECOUrl "https://www.chess.com/openings/Philidor-Defense"]
[UTCDate "2011.01.12"]
[UTCTime "19:48:01"]
[WhiteElo "1318"]
[BlackElo "1414"]
[TimeControl "600+2"]
[Termination "lwkipe won by resignation"]
[StartTime "19:48:01"]
[EndDate "2011.01.12"]
[EndTime "19:55:37"]
[Link "https://www.chess.com/game/live/86902057"]

1. e4 e5 2. Nf3 d6 3. c4 b6 4. d4 Nd7 5. dxe5 Nxe5 6. Nxe5 dxe5 7. Qxd8+ Kxd8 8. Nc3 Bb4 9. Bd2 Be6 10. O-O-O Kc8 11. Ne2 a5 12. f4 f6 13. fxe5 fxe5 14. Ng3 g6 15. Bd3 Nf6 16. Rhf1 Be7 17. Bc3 Nd7 18. Nh1 Nc5 19. Bc2 Bxc4 0-1

[Event "Live Chess"]
[Site "Chess.com"]
[Date "2011.01.12"]
[Round "-"]
[White "hipposcottimus"]
[Black "agame2540"]
[Result "0-1"]
[CurrentPosition "2k1r3/ppp5/8/7R/P1rn2P1/4pK2/4R2P/8 w - -"]
[Timezone "UTC"]
[ECO "B02"]
[ECOUrl "https://www.chess.com/openings/Alekhines-Defense-Brooklyn-Variation-3.d4-d6"]
[UTCDate "2011.01.12"]
[UTCTime "19:25:53"]
[WhiteElo "1324"]
[BlackElo "1213"]
[TimeControl "600"]
[Termination "agame2540 won on time"]
[StartTime "19:25:53"]
[EndDate "2011.01.12"]
[EndTime "19:36:01"]
[Link "https://www.chess.com/game/live/86893671"]

1. e4 Nf6 2. e5 Ng8 3. d4 d6 4. f4 dxe5 5. fxe5 Bd7 6. Nf3 Nc6 7. c4 Bg4 8. Be3 Bxf3 9. Qxf3 Nxd4 10. Bxd4 Qxd4 11. Qe2 e6 12. Nc3 Bb4 13. Qd3 O-O-O 14. Qxd4 Rxd4 15. Be2 Bxc3+ 16. bxc3 Re4 17. O-O Rxe2 18. Rxf7 Nh6 19. Rxg7 Rxe5 20. a4 Re3 21. Re7 Nf5 22. Rf7 Rxc3 23. Re1 Re8 24. Rxh7 e5 25. Rh5 Ne3 26. Kf2 Ng4+ 27. Kg1 Ne3 28. Kf2 Nc2 29. Re2 Rxc4 30. g3 e4 31. g4 e3+ 32. Kf3 Nd4+ 0-1

[Event "Live Chess"]
[Site "Chess.com"]
[Date "2011.01.12"]
[Round "-"]
[White "king_amulet"]
[Black "hipposcottimus"]
[Result "0-1"]
[CurrentPosition "3k4/5RR1/6p1/5p2/4pP2/4P1P1/1r5P/2r2K2 w - -"]
[Timezone "UTC"]
[ECO "A10"]
[ECOUrl "https://www.chess.com/openings/English-Opening-1...b6-2.d4"]
[UTCDate "2011.01.12"]
[UTCTime "18:07:36"]
[WhiteElo "1462"]
[BlackElo "1334"]
[TimeControl "120+12"]
[Termination "hipposcottimus won by checkmate"]
[StartTime "18:07:36"]
[EndDate "2011.01.12"]
[EndTime "18:17:52"]
[Link "https://www.chess.com/game/live/86872918"]

1. c4 b6 2. d4 d5 3. cxd5 Nf6 4. Nc3 Nxd5 5. Nxd5 Qxd5 6. Nf3 Bb7 7. Qd3 f5 8. e3 Ba6 9. Qb3 Qxb3 10. axb3 Bxf1 11. Rxf1 e6 12. Bd2 c5 13. Ne5 Bd6 14. Bc3 O-O 15. b4 cxd4 16. Bxd4 Bxb4+ 17. Ke2 a5 18. Bxb6 Ra6 19. Bc7 Nc6 20. Nd3 Rc8 21. Nxb4 Nxb4 22. Bxa5 Nc6 23. Bc3 Rb6 24. g3 e5 25. f4 e4 26. Rfd1 Nb4 27. Rd7 g6 28. Raa7 Nd5 29. Rg7+ Kf8 30. Rxh7 Nxc3+ 31. bxc3 Kg8 32. Rag7+ Kf8 33. Rf7+ Ke8 34. Re7+ Kf8 35. Ref7+ Ke8 36. Re7+ Kf8 37. Rhf7+ Kg8 38. Rg7+ Kh8 39. Rh7+ Kg8 40. Rd7 Rb2+ 41. Kf1 Rxc3 42. Rhg7+ Kf8 43. Rdf7+ Ke8 44. Re7+ Kd8 45. Ref7 Rc1# 0-1

[Event "Live Chess"]
[Site "Chess.com"]
[Date "2011.01.12"]
[Round "-"]
[White "hipposcottimus"]
[Black "joaolima39"]
[Result "1-0"]
[CurrentPosition "1rnq1k2/2p1bp2/p1Bp3B/3N4/4P3/5P2/PPP2P1P/2K3R1 b - -"]
[Timezone "UTC"]
[ECO "C41"]
[ECOUrl "https://www.chess.com/openings/Philidor-Defense-3.Bc4"]
[UTCDate "2011.01.12"]
[UTCTime "17:50:10"]
[WhiteElo "1334"]
[BlackElo "1106"]
[TimeControl "300"]
[Termination "hipposcottimus won by checkmate"]
[StartTime "17:50:10"]
[EndDate "2011.01.12"]
[EndTime "17:58:00"]
[Link "https://www.chess.com/game/live/86868131"]

1. e4 e5 2. Nf3 d6 3. Bc4 h6 4. d4 Bg4 5. Qd3 Nf6 6. dxe5 Bxf3 7. gxf3 Nh5 8. Nc3 Nd7 9. Qd5 Nxe5 10. Be2 Nf4 11. Bxf4 Qf6 12. Qxb7 Qd8 13. O-O-O Nd7 14. Qd5 Be7 15. Rhg1 Nb6 16. Bb5+ Kf8 17. Qh5 a6 18. Bc6 Rb8 19. Nd5 Nc8 20. Rxg7 Kxg7 21. Rg1+ Kf8 22. Qxh6+ Rxh6 23. Bxh6# 1-0

[Event "Live Chess"]
[Site "Chess.com"]
[Date "2011.01.12"]
[Round "-"]
[White "joaolima39"]
[Black "hipposcottimus"]
[Result "0-1"]
[CurrentPosition "r3k2r/pp3ppp/8/4n3/2P1P3/1nqPK3/P4PPP/3B3R w kq -"]
[Timezone "UTC"]
[ECO "C20"]
[ECOUrl "https://www.chess.com/openings/Kings-Pawn-Opening-The-Whale-Variation"]
[UTCDate "2011.01.12"]
[UTCTime "17:44:51"]
[WhiteElo "1106"]
[BlackElo "1334"]
[TimeControl "300"]
[Termination "hipposcottimus won by resignation"]
[StartTime "17:44:51"]
[EndDate "2011.01.12"]
[EndTime "17:49:36"]
[Link "https://www.chess.com/game/live/86866468"]

1. e4 e5 2. c4 Nf6 3. Nc3 Bb4 4. d3 c6 5. Nf3 d5 6. cxd5 cxd5 7. Nxe5 d4 8. Bd2 dxc3 9. Bxc3 Nc6 10. Qa4 Bd7 11. Nxd7 Bxc3+ 12. bxc3 Nxd7 13. Be2 Qf6 14. c4 Qxa1+ 15. Bd1 Qc3+ 16. Ke2 Nde5 17. Qb3 Nd4+ 18. Ke3 Nxb3 0-1

[Event "Live Chess"]
[Site "Chess.com"]
[Date "2011.01.12"]
[Round "-"]
[White "hipposcottimus"]
[Black "joaolima39"]
[Result "1-0"]
[CurrentPosition "3B2k1/5pp1/p1R4p/5P2/7P/8/PPK5/6r1 b - -"]
[Timezone "UTC"]
[ECO "C41"]
[ECOUrl "https://www.chess.com/openings/Philidor-Defense-3.d4-Bg4-4.dxe5"]
[UTCDate "2011.01.12"]
[UTCTime "17:34:23"]
[WhiteElo "1334"]
[BlackElo "1106"]
[TimeControl "300"]
[Termination "hipposcottimus won on time"]
[StartTime "17:34:23"]
[EndDate "2011.01.12"]
[EndTime "17:43:50"]
[Link "https://www.chess.com/game/live/86863527"]

1. e4 e5 2. Nf3 d6 3. d4 Bg4 4. dxe5 Bxf3 5. Qxf3 dxe5 6. Nc3 Nf6 7. Bg5 Be7 8. Bd3 c6 9. O-O-O Nbd7 10. h4 Bb4 11. Na4 b5 12. c3 Qa5 13. cxb4 Qxa4 14. Kb1 Qxb4 15. Rc1 c5 16. Bd2 Qd4 17. Bc3 Qd6 18. Bxb5 O-O 19. Rhd1 Qe6 20. Qf5 Nb6 21. Bxe5 a6 22. Be2 Rfe8 23. Bxf6 Qxf5 24. exf5 Rxe2 25. Bg5 Rxf2 26. Rxc5 Rxg2 27. Rc6 Nd7 28. Rxd7 Rg1+ 29. Kc2 h6 30. Rd8+ Rxd8 31. Bxd8 1-0